Cogmind - Beta 14 @@@ ROGUE MODE // 2024.08.27 @ 21:58:58 Player: Daoboi Result: Destroyed by S-10 Pest with Backup Laser I Performance ------------- Evolutions (1) 500 Regions Visited (3) 600 Robots Destroyed (11) 55 Value Destroyed (256) 256 Prototype IDs (0) 0 Alien Tech Used (0) 0 Bonus (101) 101 TOTAL SCORE: 1512 Bonus ------- Follower Combat Kills 101 Cogmind --------- Core Integrity 0/400 Matter 266/300 Energy 100/100 System Corruption 0% Temperature Cool (18) Movement Core (100) Ox1 Location -9/Materials Parts ------- > --- POWER (1) -------- (None) > --- PROPULSION (2) --- (None) > --- UTILITY (4) ------ Small Storage Unit > --- WEAPON (2) ------- (None) > --- INVENTORY (8) ---- Light Ion Engine Light Treads Light Treads Heavy Assault Rifle Peak State ------------ > --- POWER ------------ Light Nuclear Core > --- PROPULSION ------- Wheel Compact Wheel > --- UTILITY ---------- Improved Heat Sink Small Storage Unit Utility Shielding Light Armor Plating > --- WEAPON ----------- Particle Cannon Battle Cannon > --- INVENTORY -------- Light Ion Engine Light Treads Light Treads Aluminum Leg Aluminum Leg Shield Generator Heavy Assault Rifle Rocket Launcher [Rating: 16] Favorites ----------- Power Light Ion Engine Engine Light Ion Engine Power Core Light Nuclear Core Propulsion Compact Wheel Leg Aluminum Leg Wheel Compact Wheel Utility Small Storage Unit Device Improved Heat Sink Storage Small Storage Unit Processor Targeting Computer Protection Light Armor Plating Weapon Mining Claw Energy Gun Small Laser Energy Cannon Particle Cannon Ballistic Cannon Battle Cannon Launcher Rocket Launcher Slashing Weapon Mining Claw Build | -11 -10 -10 -9 ------- Run | Yrd Mat Min Mat Slots Evolved 2 | . . . 2 Power . | . . . . Propulsion . | . . . . Utility 2 | . . . 2 Weapon . | . . . . Parts Attached 19 | 4 2 5 8 Power 3 | 1 . 2 . Engine 2 | 1 . 1 . Core 1 | . . 1 . Reactor . | . . . . Propulsion 4 | 2 . . 2 Treads . | . . . . Leg 2 | . . . 2 Wheel 2 | 2 . . . Hover . | . . . . Flight . | . . . . Utility 6 | 1 . 1 4 Device 2 | . . . 2 Storage 1 | 1 . . . Processor 1 | . . . 1 Hackware . | . . . . Protection 2 | . . 1 1 Artifact . | . . . . Weapon 6 | . 2 2 2 Energy Gun 1 | . 1 . . Energy Cannon 1 | . . . 1 Ballistic Gun . | . . . . Ballistic Cannon 1 | . . 1 . Launcher 2 | . . 1 1 Special Weapon . | . . . . Impact Weapon . | . . . . Slashing Weapon 1 | . 1 . . Piercing Weapon . | . . . . Special Melee Weapon . | . . . . Unidentified Prototypes . | . . . . Parts Lost 13 | . . . 13 Power 1 | . . . 1 Propulsion 4 | . . . 4 Utility 5 | . . . 5 Weapon 3 | . . . 3 Highest Loss Streak 6 | . . . 6 To Critical Strikes . | . . . . Average Slot Usage (%) 82 | . 71 95 73 Engine 5 | . 14 8 . Core 3 | . . 5 3 Leg 3 | . . . 8 Wheel 19 | . 28 28 8 Device 5 | . . . 12 Storage 12 | . 14 14 11 Protection 10 | . . 9 14 Energy Gun 3 | . 5 6 . Energy Cannon 2 | . . . 5 Ballistic Cannon 5 | . . 7 4 Launcher 1 | . . . 3 Slashing Weapon 6 | . 8 13 . Peak Build Rating 16 | 4 6 12 16 Average Rating 8 | 3 5 8 10 On Entrance 5 | . 4 6 12 Naked Turns . | . . . . Heaviest Build 22 | 8 11 20 22 Greatest Support 26 | 3 26 26 26 Greatest Overweight (x) 4 | 2 3 . 4 Average Overweight (x) . | 1 1 . . Largest Inventory Capacity 8 | 8 8 8 8 Average Capacity 7 | 7 8 8 8 Most Carried 8 | 8 8 8 8 Average Carried 6 | 3 7 7 5 Final Capacity 8 | 8 8 8 8 Final Carried 8 | 8 8 8 4 Class Distribution -------------------- 100% | Mutant Dominant Class ---------------- Mutant | -10/Materials Mutant | -10/Mines Mutant | -9/Materials Resources | -11 -10 -10 -9 ----------- Run | Yrd Mat Min Mat Matter Collected 349 | 114 . 201 34 Remotely . | . . . . Salvage Created 277 | . . 37 240 Parts 10 | . . 1 9 Haulers Intercepted . | . . . . Recyclers Shooed . | . . . . Parts Field Recycled . | . . . . Retrieved Matter . | . . . . Parts Self-Destructed . | . . . . Prevented . | . . . . Kills | -11 -10 -10 -9 ------- Run | Yrd Mat Min Mat Combat Hostiles Destroyed 8 | . . 1 7 Cannons 3 | . . 1 2 AOE 5 | . . . 5 Classes Destroyed 6 | . . 1 5 Worker 1 | . . . 1 Recycler 1 | . . . 1 Operator 1 | . . . 1 Swarmer 3 | . . . 3 Grunt 4 | . . 1 3 Duelist 1 | . . . 1 Best Kill Streak 6 | . . 1 6 Combat Bots Only 5 | . . 1 5 Max Kills in Single Turn 4 | . . 1 4 Gunslinging . | . . . . Exploded 3 | . . . 3 Melee . | . . . . Uniques/NPCs Destroyed . | . . . . Combat | -11 -10 -10 -9 -------- Run | Yrd Mat Min Mat Hostile Shots Fired 200 | . 3 13 184 Missed 63 | . . 8 55 Damage Taken 1460 | . 34 82 1344 Core 421 | . . 15 406 Absorbed by Shields 30 | . . . 30 Redirected to Shielding 50 | . . . 50 Core Remaining (%) 97 | 100 . 94 . Volleys Fired 15 | . . 7 8 Largest 2 | . . 1 2 Hottest 107 | . . 40 107 Shots Fired 22 | . . 7 15 Gun 4 | . . 4 . Cannon 16 | . . 3 13 Launcher 2 | . . . 2 Special . | . . . . Kinetic 9 | . . 3 6 Thermal 11 | . . 4 7 Explosive 2 | . . . 2 Electromagnetic . | . . . . Robot Hit Streak 2 | . . 2 2 Robot Miss Streak 2 | . . 2 2 Penetration Max . | . . . . Secondary Targets . | . . . . Shots Hit Robots 10 | . . 4 6 Core Hits 13 | . . 1 12 Critical Kills . | . . . . Critical Parts Destroyed . | . . . . Critical Strikes . | . . . . Melee Attacks . | . . . . Impact . | . . . . Slashing . | . . . . Piercing . | . . . . Sneak Attacks . | . . . . Combat Hostiles . | . . . . Follow-up Attacks . | . . . . Damage Inflicted 801 | . . 60 741 Guns 20 | . . 20 . Cannons 184 | . . 40 144 Explosions 596 | . . . 596 Melee . | . . . . Ramming 1 | . . . 1 Kinetic 102 | . . 40 62 Thermal 102 | . . 20 82 Explosive 596 | . . . 596 Electromagnetic . | . . . . Impact . | . . . . Slashing . | . . . . Piercing . | . . . . Highest Corruption . | . . . . Average Corruption . | . . . . Corruption Purged . | . . . . Corruption Blocked . | . . . . Overload Shots . | . . . . Overflow Damage 47 | . . . 47 Projectiles . | . . . . Explosions 47 | . . . 47 Melee . | . . . . Knockbacks . | . . . . Impact . | . . . . Kinetic . | . . . . Secondary . | . . . . Self-Inflicted Damage 26 | . . . 26 Shots 1 | . . . 1 Rammed 2 | . . . 2 Targets Rammed 2 | . . . 2 Kicked . | . . . . Crushed . | . . . . Highest Temperature 180 | . . 31 180 Average Temperature 54 | . . 9 62 Received Heat Transfer 799 | . 21 45 733 Siege Activations . | . . . . Robots Corrupted . | . . . . Combat Hostiles . | . . . . Parts Fried . | . . . . Impact Corruptions . | . . . . Robots Melted . | . . . . Combat Hostiles . | . . . . Parts Melted 1 | . . . 1 Heat Transferred 198 | . . 50 148 Parts Sabotaged . | . . . . Parts Stolen . | . . . . Parts Stripped . | . . . . Power Chain Reactions . | . . . . Alert | -11 -10 -10 -9 ------- Run | Yrd Mat Min Mat Peak Influence 395 | . 35 119 395 Initial 46 | . . 13 46 Average 113 | . 20 87 202 Maximum Alert Level 1 | . . . 1 Low Security (%) 81 | 100 100 100 53 Level 1 18 | . . . 46 Level 2 . | . . . . Level 3 . | . . . . Level 4 . | . . . . Level 5 . | . . . . High Security . | . . . . Max Security . | . . . . Squads Dispatched 3 | . 1 . 2 Investigation . | . . . . Extermination . | . . . . Reinforcement 3 | . 1 . 2 Assault . | . . . . Garrison . | . . . . Intercept . | . . . . Searches Triggered . | . . . . Construction Impeded . | . . . . Haulers Reinforced . | . . . . Active Scanning Responses . | . . . . Cargo Convoy Interrupts . | . . . . Stealth | -11 -10 -10 -9 --------- Run | Yrd Mat Min Mat Distress Signals 3 | . . . 3 Communications Jammed . | . . . . Distress Signals . | . . . . Times Spotted 33 | . 4 4 25 Peak Tracking Total 13 | . 3 2 13 Tactical Retreats 4 | . . . 4 Traps | -11 -10 -10 -9 ------- Run | Yrd Mat Min Mat Traps Triggered . | . . . . Indirectly . | . . . . Trap Hack Attempts . | . . . . Triggered . | . . . . Disarmed . | . . . . Reprogrammed . | . . . . Reused . | . . . . Traps Extracted . | . . . . Installed . | . . . . Triggered . | . . . . Machines | -11 -10 -10 -9 ---------- Run | Yrd Mat Min Mat Machines Disabled 2 | . . 1 1 Max in Single Turn 1 | . . 1 1 Machines Repaired . | . . . . Machines Dismantled . | . . . . Machines Sabotaged . | . . . . Overloaded Fab Kills . | . . . . Hacking | -11 -10 -10 -9 --------- Run | Yrd Mat Min Mat Machines Accessed 3 | . 1 . 2 Terminals 3 | . 1 . 2 Fabricators . | . . . . Repair Stations . | . . . . Recycling Units . | . . . . Scanalyzers . | . . . . Garrison Access . | . . . . Total Hacks 7 | . 3 . 4 Successful 5 | . 2 . 3 Failed 2 | . 1 . 1 Catastrophic . | . . . . Database Lockouts . | . . . . Manual . | . . . . Terminals 7 | . 3 . 4 Fabricators . | . . . . Repair Stations . | . . . . Recycling Units . | . . . . Scanalyzers . | . . . . Garrison Access . | . . . . Terminal Hacks 5 | . 2 . 3 Record 2 | . . . 2 Alert Level 1 | . . . 1 Locate Traps 1 | . 1 . . Zone Layout 1 | . 1 . . Fabricator Hacks . | . . . . Repair Station Hacks . | . . . . Recycling Unit Hacks . | . . . . Scanalyzer . | . . . . Garrison Access Hacks . | . . . . Unauthorized Hacks . | . . . . Terminals . | . . . . Fabricators . | . . . . Repair Stations . | . . . . Recycling Units . | . . . . Scanalyzers . | . . . . Garrison Access . | . . . . Data Cores Recovered 1 | . . . 1 Used . | . . . . Hacking Detections 2 | . 1 . 1 Full Trace Events . | . . . . Feedback Events . | . . . . Feedback Blocked . | . . . . Robot Schematics Acquired . | . . . . Robots Built . | . . . . Authchips . | . . . . Time . | . . . . Total Robot Build Rating . | . . . . Part Schematics Acquired . | . . . . Parts Built . | . . . . Authchips . | . . . . Time . | . . . . Total Part Build Rating . | . . . . Parts Repaired . | . . . . Time . | . . . . Parts Recycled . | . . . . Recycled Matter . | . . . . Retrieved Matter . | . . . . Retrieved Components . | . . . . Parts Scanalyzed . | . . . . Part Schematics Acquired . | . . . . Parts Damaged . | . . . . Bothacking | -11 -10 -10 -9 ------------ Run | Yrd Mat Min Mat Used RIF Installer . | . . . . Robots Hacked . | . . . . Non-combat . | . . . . Combat . | . . . . Robot Hacks Applied . | . . . . Relay Couplers Released . | . . . . Fabnet Peak Effective % . | . . . . Robots Rewired . | . . . . Allies Hacked . | . . . . Hacks Repelled . | . . . . Allies | -11 -10 -10 -9 -------- Run | Yrd Mat Min Mat Total Allies 3 | . . 3 . Largest Group 3 | . . 3 1 Highest-Rated Group 40 | . . 40 16 Highest-Rated Ally 16 | . . 16 16 Total Orders . | . . . . Ally Attacks 34 | . . 27 7 Total Damage 402 | . . 311 91 Kills 3 | . . 3 . Allies Corrupted . | . . . . Allies Melted . | . . . . Intel | -11 -10 -10 -9 ------- Run | Yrd Mat Min Mat Robot Analysis Total . | . . . . Derelict Logs Recovered . | . . . . Drone Launches . | . . . . Drone Recoveries . | . . . . Exploration | -11 -10 -10 -9 ------------- Run | Yrd Mat Min Mat Turns Passed 804 | 89 108 294 313 Spaces Moved 661 | 59 78 276 248 Core 125 | 59 45 . 21 Treads . | . . . . Legs 98 | . . . 98 Wheels 438 | . 33 276 129 Hover . | . . . . Flight . | . . . . Fastest Speed 50 | 50 90 90 90 Average Speed 106 | 129 134 90 109 Slowest Speed 250 | 150 200 90 250 Overloaded Moves . | . . . . Propulsion Burnouts . | . . . . Robots Hopped . | . . . . Cave-ins Triggered . | . . . . Exploration Rate (%) 25 | 3 25 38 36 Regions Visited 3 Branch Regions 1 Pre-discovered Areas . | . . . . Known Exits Taken . | . . . . Unknown Exits Taken 3 | 1 1 1 . Scrap Searched 1 | . . 1 . Spaces Dug . | . . . . Terrain Destroyed 15 | . . . 15 Melee . | . . . . Projectile . | . . . . AOE 15 | . . . 15 Terrain Rammed . | . . . . Walls Destroyed . | . . . . Machines Disabled . | . . . . Actions | -11 -10 -10 -9 --------- Run | Yrd Mat Min Mat Total 737 | 70 80 316 271 Wait 22 | . . 19 3 Move 658 | 58 77 275 248 Hop . | . . . . Pick Up 14 | 8 1 3 2 Fast Attach 9 | 4 1 3 1 Attach 7 | . 1 . 6 Detach . | . . . . Swap 3 | . . 2 1 Drop 7 | . . 7 . Fire 15 | . . 7 8 Melee . | . . . . Ram 2 | . . . 2 Kick . | . . . . Crush . | . . . . Escape Stasis . | . . . . Rewire . | . . . . Trap . | . . . . Miscellaneous . | . . . . Route ------- -11/Scrapyard -10/Materials -10/Mines -9/Materials History --------- Turn | Location | Event 18 | -11/Scrapyard | Discovered new exit (range 15) 90 | -11/Scrapyard | Entered Materials 183 | -10/Materials | Discovered new exit (range 16) 198 | -10/Materials | Entered Mines 220 | -10/Mines | Assisted by bots powering up and referring to "LRC-V3" 309 | -10/Mines | Build established: Mutant 331 | -10/Mines | A weapon hastily lodged in a ceiling crevice suddenly fell to the ground 477 | -10/Mines | Discovered new exit (range 6) 483 | -10/Mines | Received a Rocket Launcher from a helpful Derelict 492 | -10/Mines | Entered Materials 492 | -9/Materials | Accompanied by 1 ally 492 | -9/Materials | Evolved 2 slots: Utility x2 641 | -9/Materials | Lost 4 parts (1p1n1u1w) 692 | -9/Materials | Lost 3 parts (1n1u1w) 735 | -9/Materials | Core integrity fell below 50% 795 | -9/Materials | Core integrity fell below 20% 805 | -9/Materials | Destroyed by S-10 Pest with Backup Laser I Last Messages --------------- 00676_ M-13 Machinist repairs S-10 Pest. 00677_ U-05 Engineer lays Concrete. 00680_ Connecting with Terminal... >>Alert(Check) Current Alert Level: 1-P 00681_ U-05 Engineer lays Concrete. 00704_ O-16 Technician: "IFF HANDSHAKE FAILED. SECURING TERMINAL." 00712_ ALERT: Hostiles spotted, dispatching reinforcements to Terminal M003. 00717_ K-01 Serf collects debris. 00753_ Rocket Launcher destroyed. 00753_ Aluminum Leg destroyed. 00755_ Acquired Targeting Computer. 00781_ Aluminum Leg destroyed. 00791_ Slammed into S-10 Pest. 00794_ Critical hit (Burn: +37). 00797_ Utility Shielding destroyed. 00797_ Imp. Heat Sink destroyed. 00800_ Targeting Computer destroyed. Map ----- +----------------------------------------------------+ | | | | | | | | | | | | | | | | | | | | | | | | | | | | | | | | | ############################???????????????? | | # T ## #???????????????? | | # ## #???????????????? | | # ! ## """ #???????????????? | | # ## """"" #????######?????? | | # ??# """"" ####? #?????? | | ##/##### """"" # # #?????? | | ?# + """ # # #?????? | | ? ???# ##############/## + #?????? | | ###+###### # """ #??# @ # #?????? | | + """ #??# # #?????? | | ####### """ #??# g###+#########?????? | | #?????? #??# ## #??????? | | ##??????? #??# ## #??????? | | #????????#######??# ## #??????? | | #????????????????## ## #??????? | | #????????????????# # """ """ #??????? | | #????????????????# # """ """ #??????? | | #?????#######????# s + """ """ #??????? | | ####### #????# # #??????? | | #????##+#############??????? | | #????# #???????????? | | #????# ]]] #???????????? | | ########### #????# ]] #???????????? | | ??????????## ##????# ]] #???????????? | | ???????????# #?????# |#???????????? | | ???????????# #?????# #???????????? | | ???????????# #?????# #???????????? | | ???????????# #?????# ] #???????????? | | #??????????# #?????###########???????????? | | ########### ##??????????????????????????? | | #??????????????????????????? | | #??????????????????????????? | | T #??????????????????????????? | +----------------------------------------------------+ Best States ------------- Heat Dissipation 28 Energy Generation 14 Energy Capacity 250 Matter Stores 300 Matter Capacity 300 Sight Range 16 Terrain Scan Density 10 Armor Coverage 150 Utility Shielding 33 Evasion (%) 55 Item Schematics ----------------- None Robot Schematics ------------------ None Fabricated ------------ Nothing Alien Tech Used ----------------- None Achievements -------------- None Challenges ------------ None Game ------ Seed TransportCargoPod Manual? 0 Play Time 00:16:32 Cumulative 9.4 hours Start 2024.08.27 @ 21:14:17 End 2024.08.27 @ 21:58:58 Sessions 1 Manual Loads 0 Difficulty Rogue Special Mode None Game No. 17 Rogue 17 Adventurer 0 Explorer 0 Win Type - Total 0 Types 0/0/0/0/0/0/0/0/0 Lore% 10 Gallery% 20 Achievement% 22 Wizard Run 0 Options --------- Layout 1 ASCII 0 Keyboard 0 Movement Numpad Keybinds 0 Fullscreen 1 Font 24/Smallcaps Map View 50x35 Zoom Use 0% Tactical HUD 1 Map Filters NONE Filters NONE Steam 1 RUN: b0a51d1a-d671-4d9f-8a73-c21a6d2bae3e